 Dungeon Crawl Stone Soup version 0.29-a0-289-g2178c42546 (webtiles) character file.

Game seed: 8290463604120890281

1788 sanka the Ducker (level 9, -2/73 HPs)
             Began as a Gnoll Monk on Mar 17, 2022.
             Slain by a scorpion (5 damage)
             ... on level 6 of the Dungeon.
             The game lasted 00:06:23 (6844 turns).

sanka the Ducker (Gnoll Monk)                       Turns: 6844, Time: 00:06:24

Health: -2/73      AC: 16    Str: 15    XL:     9   Next: 8%
Magic:  23/23      EV: 10    Int:  8    God:
Gold:   313        SH:  0    Dex: 21    Spells: 15/15 levels left

rFire   . . .      SeeInvis .   b - +0 broad axe
rCold   . . .      Faith    .   (no shield)
rNeg    + . .      Spirit   .   s - +7 chain mail "Kuygiotu" {Dex+7 Slay+2}
rPois   .          Reflect  .   (no helmet)
rElec   .          Harm     .   (no cloak)
rCorr   .          Rampage  .   (no gloves)
Will    .....                   (no boots)
Stlth   ..........              (no amulet)
HPRegen 0.22/turn               (no ring)
MPRegen 0.18/turn               i - ring "Vawuts" {+Blink rN+ MP+9 Int-2}

@: no status effects
A: fangs 1, strong nose, distributed training
a: Evoke Blink


You were on level 6 of the Dungeon.
You visited 1 branch of the dungeon, and saw 6 of its levels.

You collected 313 gold pieces.


Innate Abilities, Weirdness & Mutations

You have very sharp teeth.
Your uncanny sense of smell can sniff out nearby items.
Your experience applies equally to all skills.


   Skills:
 + Level 7.7 Fighting
 + Level 3.9 Short Blades
 + Level 3.9 Long Blades
 + Level 7.7 Axes
 + Level 3.9 Maces & Flails
 + Level 3.9 Polearms
 + Level 3.9 Staves
 + Level 3.9 Slings
 + Level 3.9 Bows
 + Level 3.9 Crossbows
 + Level 3.9 Throwing
 + Level 3.9 Armour
 + Level 7.7 Dodging
 + Level 5.8 Stealth
 + Level 3.9 Shields
 + Level 3.9 Unarmed Combat
 + Level 3.9 Spellcasting
 + Level 3.2 Conjurations
 + Level 3.2 Hexes
 + Level 3.2 Summonings
 + Level 3.2 Necromancy
 + Level 3.2 Translocations
 + Level 3.2 Transmutations
 + Level 3.2 Fire Magic
 + Level 3.2 Ice Magic
 + Level 3.2 Air Magic
 + Level 3.2 Earth Magic
 + Level 3.2 Poison Magic
 + Level 4.2 Invocations
 + Level 3.9 Evocations


You had 15 spell levels left.
You didn't know any spells.
Your spell library contained the following spells:

 Spells                   Type           Power      Damage    Failure   Level
 Animate Skeleton         Necr           12%        N/A       83%         1
 Pain                     Necr           24%        1d5       83%         1
 Vampiric Draining        Necr           6%         2d6       99%         3

Inventory:

Hand Weapons
 a - a +0 hand axe
 b - a +0 broad axe (weapon)
Missiles
 t - 3 poisoned darts (quivered)
Armour
 s - the +7 chain mail "Kuygiotu" (worn) {Dex+7 Slay+2}

   Dex:       It affects your dexterity (+7).
   Slay:      It affects your accuracy & damage with ranged weapons and melee
   (+2).
Jewellery
 i - the ring "Vawuts" (right hand) {+Blink rN+ MP+9 Int-2}

   [ring of magical power]

   Int:       It affects your intelligence (-2).
   rN:        It protects you from negative energy.
   MP:        It affects your magic capacity (+9).
   +Blink:    It lets you blink.
Scrolls
 d - 2 scrolls of immolation {unknown}
 e - a scroll of magic mapping {unknown}
 f - 2 scrolls of enchant armour {unknown}
 j - a scroll of blinking {unknown}
 k - 2 scrolls of noise {unknown}
 m - 2 scrolls of summoning
 o - a scroll of fear {unknown}
 p - a scroll of amnesia {unknown}
 u - a scroll of fog {unknown}
 v - 2 scrolls of teleportation {unknown}
Potions
 c - a potion of ambrosia
 g - 2 potions of curing {unknown}
 h - 2 potions of attraction {unknown}
 l - a potion of berserk rage {unknown}
 n - 2 potions of degeneration {unknown}
 q - a potion of might {unknown}
 r - a potion of mutation {unknown}
 w - a potion of heal wounds {unknown}

Dungeon Overview and Level Annotations

Branches:
Dungeon (6/15)
 Temple: D:4-7

Altars:
Ashenzari
Makhleb
Nemelex Xobeh
Sif Muna
Trog
Wu Jian

Annotations:
D:6 3 runed translucent doors, DrClinical's ghost, novice HOBe; Philosophunculist's ghost, novice DEIE; robertstho's ghost, novice DjFE; yegreS's ghost, weakling DDGl

≈≈≈≈≈≈≈.▒ ▒....▒
≈≈≈≈≈≈≈.▒▒▒▒▒....▒▒
≈≈≈c≈≈≈....†......▒
..≈≈≈≈≈.▒▒▒▒▒..▒..▒▒
..≈≈≈≈≈.▒▒▒........▒
..≈≈≈≈≈..▒▒.▒▒▒......
≈≈≈≈≈≈≈..▒▒.▒ ▒.....
≈≈≈≈≈≈≈..▒▒s▒▒▒▒.⌠.⌠.
≈≈≈≈≈≈≈....g......_..
≈≈≈≈≈≈≈▒†▒.▒▒▒▒▒.⌠.⌠.
≈≈≈≈≈≈≈..............
....▒▒.........▒..
.▒.............▒..
▒▒▒▒▒▒▒▒.........
▒▒▒▒.....▒▒..
▒.)......▒▒.▒
▒...........▒


You could see a scorpion.


Message History

The iguana is moderately wounded.
The centaur shoots an arrow.
The arrow hits you.
* * * LOW HITPOINT WARNING * * *
The iguana bites you but does no damage.
The centaur shoots an arrow.
The arrow hits you.
* * * LOW HITPOINT WARNING * * *
You slash the iguana!
You kill the iguana!
A scorpion comes into view.
The centaur shoots an arrow.
The arrow hits you.
* * * LOW HITPOINT WARNING * * *
The centaur shoots an arrow.
The arrow hits you.
* * * LOW HITPOINT WARNING * * *
Things that are here:
an iguana corpse; a howler monkey corpse An orc comes into view.
It is wielding a +0 war axe.
The orc shouts!
The scorpion closely misses you. The scorpion closely misses you.
The scorpion attacks as you move away! The scorpion stings you.
* * * LOW HITPOINT WARNING * * *
The scorpion stings you but does no damage.
The scorpion attacks as you move away! The scorpion stings you.
You die...

Action                   |  1- 3 |  4- 6 |  7- 9 || total
-------------------------+-------+-------+-------++-------
Melee: Hand axe          |   103 |   107 |       ||   210
       Bite              |    11 |    20 |    15 ||    46
       Punch             |     1 |     4 |     3 ||     8
       Broad axe         |       |    35 |   105 ||   140
Throw: Dart              |       |     2 |       ||     2
  Use: Scroll            |       |       |     2 ||     2
 Stab: Sleeping          |     4 |     4 |       ||     8
       Distracted        |       |     1 |       ||     1
Armor: Robe              |    10 |     9 |       ||    19
       Plate armour      |    30 |       |       ||    30
       Chain mail        |       |    20 |    67 ||    87
Dodge: Dodged            |    44 |    86 |    70 ||   200

Levels and vault maps discovered:
D:1:      erik_arrival_cave_to_civilisation [erik_arrival_cave_to_hall],
          layout_loops_ring
D:2:      layout_loops_corners, basic_altar, nicolae_ecumenical_lake_church
D:3:      layout_rooms, old_standard_altar, mainiacjoe_overflow_tiny_flanked,
          kennysheep_small_spiral, nicolae_wormholes, uniq_terence
D:4:      layout_rooms, chequers_serial_rivers_marsh,
          nicolae_elevator_lobby_asterisk
D:5:      layout_loops_cross, chequers_temple_overflow_minitemple
D:6:      nicolae_whirlpool, layout_rooms, mainiacjoe_overflow_24_doors,
          nemelex_xobeh_ov_fountains_minmay, grunt_gozag_statues,
          gammafunk_ghost_cemetery, nicolae_wooded_promenade

Notes
Turn   | Place    | Note
-------+----------+-------------------------------------------
     0 | D:1      | sanka the Gnoll Monk began the quest for the Orb.
     0 | D:1      | Reached XP level 1. HP: 23/23 MP: 1/1
    65 | D:1      | Reached XP level 2. HP: 24/29 MP: 2/2
   724 | D:1      | Reached XP level 3. HP: 28/35 MP: 3/3
  1187 | D:2      | Reached skill level 1 in Invocations
  1193 | D:2      | HP: 2/35 [adder (4)]
  1573 | D:2      | Reached skill level 1 in Short Blades
  1573 | D:2      | Reached skill level 1 in Long Blades
  1573 | D:2      | Reached skill level 1 in Maces & Flails
  1573 | D:2      | Reached skill level 1 in Polearms
  1573 | D:2      | Reached skill level 1 in Staves
  1573 | D:2      | Reached skill level 1 in Slings
  1573 | D:2      | Reached skill level 1 in Bows
  1573 | D:2      | Reached skill level 1 in Crossbows
  1573 | D:2      | Reached skill level 1 in Throwing
  1573 | D:2      | Reached skill level 1 in Armour
  1573 | D:2      | Reached skill level 1 in Shields
  1573 | D:2      | Reached skill level 1 in Unarmed Combat
  1573 | D:2      | Reached skill level 1 in Spellcasting
  1573 | D:2      | Reached skill level 1 in Evocations
  1870 | D:2      | Found a broken altar of Ashenzari.
  1943 | D:2      | Reached XP level 4. HP: 30/41 MP: 5/5
  2609 | D:2      | Found a faded altar of an unknown god.
  2993 | D:3      | Reached skill level 1 in Conjurations
  2993 | D:3      | Reached skill level 1 in Hexes
  2993 | D:3      | Reached skill level 1 in Summonings
  2993 | D:3      | Reached skill level 1 in Necromancy
  2993 | D:3      | Reached skill level 1 in Translocations
  2993 | D:3      | Reached skill level 1 in Transmutations
  2993 | D:3      | Reached skill level 1 in Fire Magic
  2993 | D:3      | Reached skill level 1 in Ice Magic
  2993 | D:3      | Reached skill level 1 in Air Magic
  2993 | D:3      | Reached skill level 1 in Earth Magic
  2993 | D:3      | Reached skill level 1 in Poison Magic
  3107 | D:3      | Noticed Terence
  3131 | D:3      | Found a broken altar of Ashenzari.
  3368 | D:3      | Found an ornate altar of the Wu Jian Council.
  3642 | D:3      | Killed Terence
  3643 | D:3      | Reached XP level 5. HP: 24/47 MP: 5/7
  3983 | D:3      | Identified the +7 chain mail "Kuygiotu" {Dex+7 Slay+2}
  4227 | D:4      | Reached skill level 2 in Invocations
  4227 | D:4      | Reached XP level 6. HP: 41/53 MP: 8/8
  4330 | D:4      | Identified the ring "Vawuts" {+Blink rN+ MP+9 Int-2}
  4581 | D:4      | Reached skill level 2 in Short Blades
  4581 | D:4      | Reached skill level 2 in Long Blades
  4581 | D:4      | Reached skill level 2 in Maces & Flails
  4581 | D:4      | Reached skill level 2 in Polearms
  4581 | D:4      | Reached skill level 2 in Staves
  4581 | D:4      | Reached skill level 2 in Slings
  4581 | D:4      | Reached skill level 2 in Bows
  4581 | D:4      | Reached skill level 2 in Crossbows
  4581 | D:4      | Reached skill level 2 in Throwing
  4581 | D:4      | Reached skill level 2 in Armour
  4581 | D:4      | Reached skill level 2 in Shields
  4581 | D:4      | Reached skill level 2 in Unarmed Combat
  4581 | D:4      | Reached skill level 2 in Spellcasting
  4581 | D:4      | Reached skill level 2 in Evocations
  4966 | D:5      | Entered Level 5 of the Dungeon
  4966 | D:5      | Noticed a sky beast
  5072 | D:5      | Reached XP level 7. HP: 29/59 MP: 10/10
  5327 | D:5      | Noticed a two-headed ogre
  5702 | D:5      | Reached skill level 7 in Fighting
  5702 | D:5      | Reached skill level 7 in Axes
  5702 | D:5      | Reached skill level 7 in Dodging
  6039 | D:5      | Reached skill level 2 in Conjurations
  6039 | D:5      | Reached skill level 2 in Hexes
  6039 | D:5      | Reached skill level 2 in Summonings
  6039 | D:5      | Reached skill level 2 in Necromancy
  6039 | D:5      | Reached skill level 2 in Translocations
  6039 | D:5      | Reached skill level 2 in Transmutations
  6039 | D:5      | Reached skill level 2 in Fire Magic
  6039 | D:5      | Reached skill level 2 in Ice Magic
  6039 | D:5      | Reached skill level 2 in Air Magic
  6039 | D:5      | Reached skill level 2 in Earth Magic
  6039 | D:5      | Reached skill level 2 in Poison Magic
  6115 | D:5      | Reached skill level 5 in Stealth
  6319 | D:5      | Reached skill level 3 in Invocations
  6457 | D:5      | Killed a two-headed ogre
  6458 | D:5      | Reached skill level 3 in Short Blades
  6458 | D:5      | Reached skill level 3 in Long Blades
  6458 | D:5      | Reached skill level 3 in Maces & Flails
  6458 | D:5      | Reached skill level 3 in Polearms
  6458 | D:5      | Reached skill level 3 in Staves
  6458 | D:5      | Reached skill level 3 in Slings
  6458 | D:5      | Reached skill level 3 in Bows
  6458 | D:5      | Reached skill level 3 in Crossbows
  6458 | D:5      | Reached skill level 3 in Throwing
  6458 | D:5      | Reached skill level 3 in Armour
  6458 | D:5      | Reached skill level 3 in Shields
  6458 | D:5      | Reached skill level 3 in Unarmed Combat
  6458 | D:5      | Reached skill level 3 in Spellcasting
  6458 | D:5      | Reached skill level 3 in Evocations
  6458 | D:5      | Reached XP level 8. HP: 67/67 MP: 13/13
  6480 | D:5      | Reached skill level 3 in Conjurations
  6480 | D:5      | Reached skill level 3 in Hexes
  6480 | D:5      | Reached skill level 3 in Summonings
  6480 | D:5      | Reached skill level 3 in Necromancy
  6480 | D:5      | Reached skill level 3 in Translocations
  6480 | D:5      | Reached skill level 3 in Transmutations
  6480 | D:5      | Reached skill level 3 in Fire Magic
  6480 | D:5      | Reached skill level 3 in Ice Magic
  6480 | D:5      | Reached skill level 3 in Air Magic
  6480 | D:5      | Reached skill level 3 in Earth Magic
  6480 | D:5      | Reached skill level 3 in Poison Magic
  6480 | D:5      | Reached skill level 4 in Invocations
  6647 | D:5      | Found a bloodstained altar of Trog.
  6647 | D:5      | Found a burning altar of Makhleb.
  6701 | D:5      | Found a faded altar of an unknown god.
  6703 | D:5      | Found a shimmering blue altar of Sif Muna.
  6705 | D:5      | Found a faded altar of an unknown god.
  6748 | D:6      | Found a runed translucent gate.
  6748 | D:6      | Found a runed translucent gate.
  6748 | D:6      | Found a runed translucent gate.
  6750 | D:6      | Noticed yegreS's ghost (weakling DDGl)
  6750 | D:6      | Noticed DrClinical's ghost (novice HOBe)
  6751 | D:6      | Noticed robertstho's ghost (novice DjFE)
  6751 | D:6      | Noticed Philosophunculist's ghost (novice DEIE)
  6765 | D:6      | Reached XP level 9. HP: 72/72 MP: 14/14
  6766 | D:6      | Found a sparkling altar of Nemelex Xobeh.
  6835 | D:6      | HP: 7/73 [centaur/arrow (3)]
  6843 | D:6      | HP: 3/73 [scorpion (5)]
  6844 | D:6      | Slain by a scorpion

Vanquished Creatures
  2 ogres (D:5)
  2 sky beasts (D:5)
  2 phantoms
  2 scorpions
  A howler monkey (D:6)
  A jelly (D:5)
  An orc priest (D:4)
  A gnoll shaman (D:5)
  Terence (D:3)
  3 iguanas
  An orc wizard (D:4)
  7 adders
  10 gnolls (D:5)
  3 worms
  A dart slug (D:3)
  5 orcs
  6 ball pythons
  3 endoplasms
  A giant cockroach (D:1)
  7 goblins
  5 hobgoblins
  2 jackals (D:1)
  7 kobolds
  6 quokkas
  8 bats
  3 frilled lizards
  6 rats
97 creatures vanquished.

Vanquished Creatures (collateral kills)
  A two-headed ogre (D:5)
  An ice beast (D:5)
2 creatures vanquished.

Vanquished Creatures (others)
  A fungus (D:3)
1 creature vanquished.

Grand Total: 100 creatures vanquished
